General information
- name: BNet
- type: Ladder team game (AT/RT)
- host: Battle.net
- saver: GOLLY-GREENLAMB
map: Battleground
- players: 8
- length: 17:28
- speed: Fast
- version: 1.26 W3XP
- replay type: Public
» download(109 KB)
Players
team 1 (winner)
Micro[xGOD] (
teal | 92 APM | 1604 actions | 17:28)
5 Demon Hunter
3 Mana Burn
2 Evasion
3 Priestess of the Moon
2 Trueshot Aura
1 Searing Arrows
2 Keeper of the Grove
1 Entangling Roots
1 Thorns Aura
» actions
| Assign group hotkey | 522 | |
| Build / train | 76 | |
| ESC pressed | 7 | |
| Enter build submenu | 15 | |
| Enter hero's abilities submenu | 10 | |
| Give item / drop item | 2 | |
| Right click | 449 | |
| Select / deselect | 231 | |
| Select group hotkey | 253 | |
| Use ability | 36 | |
1604 total
» units
| Wisp | 16 | |
| Archer | 20 | |
| Hippogryph | 8 | |
44 total
» upgrades
| Strength of the Moon | 3 | |
| Moon Armor | 3 | |
| Hippogryph Taming | 1 | |
| Improved Bows | 2 | |
| Marksmanship | 1 | |
10 total
» buildings
| Moon Well | 8 | |
| Ancient of War | 1 | |
| Altar of Elders | 1 | |
| Ancient of Wonders | 1 | |
| Hunter's Hall | 1 | |
| Tree of Ages | 1 | |
| Ancient of Wind | 2 | |
| Tree of Eternity | 1 | |
16 total
» build order
00:24 Moon Well
00:28 Ancient of War
00:42 Altar of Elders
01:47 Moon Well
01:58 Ancient of Wonders
02:37 Moon Well
03:10 Hunter's Hall
03:49 Moon Well
04:55 Moon Well
05:26 Tree of Ages
06:46 Moon Well
07:47 Moon Well
07:52 Ancient of Wind
07:55 Ancient of Wind
09:16 Moon Well
09:47 Tree of Eternity
» items
| Scroll of Protection | 1 | |
| Scroll of Healing | 1 | |
2 total

»
sdfgbefh (
red | 36 APM | 635 actions | 17:28)
3 Paladin
2 Holy Light
1 Divine Shield
» actions
| Build / train | 51 | |
| Enter build submenu | 26 | |
| Enter hero's abilities submenu | 3 | |
| Give item / drop item | 1 | |
| Right click | 339 | |
| Select / deselect | 167 | |
| Use ability | 48 | |
635 total
» units
» upgrades
| Defend | 1 | |
| Lumber Harvesting | 2 | |
| Swords | 3 | |
| Animal War Training | 1 | |
| Plating | 2 | |
9 total
» buildings
| Altar of Kings | 1 | |
| Farm | 12 | |
| Barracks | 2 | |
| Lumber Mill | 1 | |
| Scout Tower | 5 | |
| Guard Tower | 5 | |
| Arcane Vault | 1 | |
| Keep | 1 | |
| Blacksmith | 1 | |
| Castle | 1 | |
30 total
» build order
00:28 Altar of Kings
00:31 Farm
00:55 Barracks
01:15 Lumber Mill
01:39 Farm
02:09 Scout Tower
02:28 Farm
02:39 Guard Tower
02:42 Scout Tower
03:10 Farm
03:12 Guard Tower
03:20 Scout Tower
03:41 Arcane Vault
04:00 Guard Tower
04:24 Farm
05:03 Keep
05:25 Farm
05:30 Scout Tower
05:48 Scout Tower
06:20 Guard Tower
06:25 Farm
06:28 Blacksmith
06:35 Barracks
06:38 Guard Tower
07:22 Farm
08:03 Farm
08:54 Castle
09:56 Farm
10:32 Farm
11:50 Farm
» items
| Scroll of Regeneration | 2 | |
| Lesser Clarity Potion | 1 | |
| Orb of Fire | 1 | |
4 total
xluke15x (
pink | 40 APM | 707 actions | 17:28)
3 Mountain King
2 Thunder Clap
1 Storm Bolt
2 Blood Mage
1 Flame Strike
1 Siphon Mana
» actions
| Basic commands | 56 | |
| Build / train | 65 | |
| Enter build submenu | 20 | |
| Enter hero's abilities submenu | 5 | |
| Remove unit from queue | 1 | |
| Right click | 284 | |
| Select / deselect | 223 | |
| Use ability | 52 | |
707 total
» units
| Peasant | 11 | |
| Footman | 5 | |
| Rifleman | 3 | |
| Forest Troll Shadow Priest | 1 | |
| Gryphon Rider | 13 | |
| Crypt Fiend | 11 | |
| Necromancer | 4 | |
48 total
» upgrades
| Animal War Training | 1 | |
| Storm Hammers | 1 | |
| Armor | 1 | |
3 total
» buildings
| Altar of Kings | 1 | |
| Farm | 14 | |
| Barracks | 1 | |
| Blacksmith | 1 | |
| Keep | 1 | |
| Lumber Mill | 1 | |
| Castle | 1 | |
| Gryphon Aviary | 2 | |
| Arcane Vault | 1 | |
| Town Hall | 1 | |
| Scout Tower | 4 | |
| Guard Tower | 1 | |
| Necropolis | 1 | |
| Halls of the Dead | 1 | |
31 total
» build order
00:02 Altar of Kings
00:03 Farm
00:08 Farm
00:40 Barracks
01:54 Farm
01:55 Farm
02:06 Blacksmith
03:01 Keep
03:11 Lumber Mill
03:24 Farm
03:25 Farm
03:26 Farm
04:25 Farm
04:26 Farm
04:28 Farm
04:29 Farm
05:28 Castle
05:57 Gryphon Aviary
06:56 Arcane Vault
08:19 Gryphon Aviary
09:17 Town Hall
10:55 Scout Tower
10:56 Scout Tower
10:57 Scout Tower
10:57 Scout Tower
13:18 Guard Tower
13:20 Farm
13:21 Farm
13:22 Farm
14:13 Necropolis
17:15 Halls of the Dead
» items
| Scroll of Regeneration | 1 | |
| Potion of Healing | 1 | |
2 total
amendment_1 (
green | 35 APM | 471 actions | 13:16)
3 Dreadlord
2 Sleep
1 Vampiric Aura
» actions
| Assign group hotkey | 7 | |
| Basic commands | 12 | |
| Build / train | 46 | |
| Enter build submenu | 16 | |
| Enter hero's abilities submenu | 3 | |
| Remove unit from queue | 1 | |
| Right click | 142 | |
| Select / deselect | 107 | |
| Select group hotkey | 115 | |
| Use ability | 22 | |
471 total
» units
| Acolyte | 7 | |
| Ghoul | 15 | |
| Necromancer | 4 | |
| Meatwagon | 1 | |
| Gargoyle | 1 | |
28 total
» upgrades
| Unholy Armor | 2 | |
| Unholy Strength | 1 | |
| Cannibalize | 0 | |
| Necromancer Training | 1 | |
| Skeletal Longevity | 1 | |
| Exhume Corpses | 1 | |
6 total
» buildings
| Ziggurat | 7 | |
| Crypt | 1 | |
| Altar of Darkness | 1 | |
| Nerubian Tower | 4 | |
| Graveyard | 1 | |
| Halls of the Dead | 2 | |
| Tomb of Relics | 1 | |
| Temple of the Damned | 1 | |
| Slaughterhouse | 1 | |
| Black Citadel | 1 | |
20 total
» build order
00:36 Ziggurat
00:40 Crypt
01:09 Altar of Darkness
01:31 Nerubian Tower
01:47 Graveyard
01:53 Ziggurat
02:58 Nerubian Tower
03:28 Ziggurat
04:41 Halls of the Dead
04:42 Halls of the Dead
05:40 Nerubian Tower
05:50 Ziggurat
06:38 Tomb of Relics
07:53 Nerubian Tower
08:26 Temple of the Damned
09:49 Slaughterhouse
10:14 Ziggurat
10:22 Ziggurat
10:50 Black Citadel
10:59 Ziggurat
team 2 (loser)

»
lmnakedrightnow (
purple | 40 APM | 693 actions | 17:21)
4 Death Knight
1 Death Coil
1 Death Pact
2 Unholy Aura
» actions
| Assign group hotkey | 2 | |
| Basic commands | 7 | |
| Build / train | 48 | |
| ESC pressed | 3 | |
| Enter build submenu | 12 | |
| Enter hero's abilities submenu | 4 | |
| Give item / drop item | 1 | |
| Right click | 349 | |
| Select / deselect | 229 | |
| Select group hotkey | 3 | |
| Use ability | 35 | |
693 total
» units
| Acolyte | 3 | |
| Ghoul | 4 | |
| Crypt Fiend | 10 | |
| Obsidian Statue | 5 | |
22 total
» upgrades
| Web | 1 | |
| Creature Carapace | 3 | |
| Destroyer Form | 1 | |
| Creature Attack | 2 | |
7 total
» buildings
| Graveyard | 1 | |
| Crypt | 1 | |
| Ziggurat | 6 | |
| Altar of Darkness | 1 | |
| Tomb of Relics | 1 | |
| Spirit Tower | 1 | |
| Halls of the Dead | 1 | |
| Nerubian Tower | 2 | |
| Black Citadel | 1 | |
| Slaughterhouse | 2 | |
17 total
» build order
00:37 Graveyard
00:41 Crypt
00:45 Ziggurat
01:08 Altar of Darkness
01:29 Ziggurat
02:05 Tomb of Relics
02:18 Spirit Tower
02:52 Ziggurat
03:41 Halls of the Dead
05:11 Nerubian Tower
06:23 Black Citadel
06:31 Slaughterhouse
06:36 Ziggurat
06:41 Slaughterhouse
10:16 Ziggurat
11:19 Ziggurat
16:44 Nerubian Tower
» items
| Rod of Necromancy | 2 | |
| Boots of Speed | 1 | |
| Scroll of Protection | 1 | |
| Potion of Lesser Invulnerability | 1 | |
| Scroll of Town Portal | 2 | |
| Orb of Corruption | 1 | |
8 total

»
GOLLY-GREENLAMB (
orange | 64 APM | 1114 actions | 17:28)
6 Goblin Tinker
3 Pocket Factory
2 Engineering Upgrade
1 Robo-Goblin
» actions
| Assign group hotkey | 61 | |
| Basic commands | 7 | |
| Build / train | 55 | |
| Enter build submenu | 12 | |
| Enter hero's abilities submenu | 6 | |
| Give item / drop item | 2 | |
| Right click | 403 | |
| Select / deselect | 160 | |
| Select group hotkey | 326 | |
| Use ability | 82 | |
1114 total
» units
| Peon | 10 | |
| Troll Headhunter/Berserker | 5 | |
| Wind Rider | 5 | |
| Troll Batrider | 6 | |
26 total
» upgrades
| Ranged Weapons | 2 | |
| Ensnare | 1 | |
| Armor | 2 | |
| Envenomed Spears | 1 | |
| Liquid Fire | 1 | |
| Reinforced Defenses | 1 | |
8 total
» buildings
| Orc Burrow | 7 | |
| Altar of Storms | 1 | |
| Stronghold | 2 | |
| Barracks | 1 | |
| War Mill | 1 | |
| Voodoo Lounge | 1 | |
| Beastiary | 2 | |
| Fortress | 2 | |
17 total
» build order
00:16 Orc Burrow
01:28 Altar of Storms
01:58 Orc Burrow
02:35 Stronghold
02:35 Stronghold
02:39 Barracks
02:42 War Mill
02:55 Voodoo Lounge
03:15 Orc Burrow
03:51 Orc Burrow
04:59 Beastiary
05:03 Beastiary
08:40 Fortress
08:41 Fortress
11:00 Orc Burrow
11:01 Orc Burrow
» items
| Healing Salve | 4 | |
| Potion of Healing | 1 | |
| Potion of Lesser Invulnerability | 1 | |
| Scroll of Town Portal | 1 | |
| Orb of Lightning | 1 | |
8 total
fanta1232 (
yellow | 37 APM | 547 actions | 14:39)
4 Blademaster
3 Critical Strike
1 Wind Walk
» actions
| Build / train | 40 | |
| Enter build submenu | 17 | |
| Enter hero's abilities submenu | 4 | |
| Remove unit from queue | 1 | |
| Right click | 264 | |
| Select / deselect | 200 | |
| Use ability | 21 | |
547 total
» units
| Peon | 7 | |
| Grunt | 6 | |
| Troll Headhunter/Berserker | 3 | |
| Forest Troll Shadow Priest | 1 | |
| Wind Rider | 6 | |
| Raider | 2 | |
| Kodo Beast | 1 | |
26 total
» upgrades
| Melee Weapons | 2 | |
| Armor | 2 | |
| Berserker Strength | 1 | |
| Ranged Weapons | 1 | |
6 total
» buildings
| War Mill | 1 | |
| Altar of Storms | 1 | |
| Barracks | 1 | |
| Orc Burrow | 4 | |
| Stronghold | 1 | |
| Beastiary | 2 | |
| Great Hall | 2 | |
12 total
» build order
00:08 War Mill
00:45 Altar of Storms
01:34 Barracks
01:52 Orc Burrow
02:37 Stronghold
03:22 Orc Burrow
06:17 Beastiary
06:34 Orc Burrow
07:21 Orc Burrow
07:58 Beastiary
09:51 Great Hall
10:40 Great Hall

»
vikings182 (
blue | 26 APM | 448 actions | 17:28)
4 Demon Hunter
2 Immolation
1 Evasion
1 Mana Burn
3 Keeper of the Grove
1 Force of Nature
2 Entangling Roots
» actions
| Build / train | 45 | |
| Enter build submenu | 15 | |
| Enter hero's abilities submenu | 6 | |
| Give item / drop item | 2 | |
| Right click | 181 | |
| Select / deselect | 172 | |
| Use ability | 27 | |
448 total
» units
| Wisp | 13 | |
| Archer | 5 | |
| Chimaera | 4 | |
| Hippogryph | 6 | |
| Wind Rider | 1 | |
29 total
» upgrades
| Corrosive Breath | 1 | |
| Strength of the Wild | 2 | |
| Reinforced Hides | 1 | |
4 total
» buildings
| Moon Well | 7 | |
| Altar of Elders | 1 | |
| Ancient of War | 1 | |
| Tree of Ages | 1 | |
| Ancient of Wonders | 1 | |
| Tree of Eternity | 1 | |
| Ancient of Wind | 1 | |
| Hunter's Hall | 1 | |
| Chimaera Roost | 3 | |
17 total
» build order
00:13 Moon Well
00:28 Altar of Elders
01:06 Ancient of War
01:26 Moon Well
02:17 Moon Well
02:46 Tree of Ages
03:28 Moon Well
04:25 Ancient of Wonders
05:12 Tree of Eternity
05:19 Ancient of Wind
05:24 Hunter's Hall
05:31 Moon Well
07:39 Chimaera Roost
07:41 Chimaera Roost
07:43 Chimaera Roost
09:48 Moon Well
09:52 Moon Well
» items
Chat log
(00:13 / Allies) lmnakedrightnow: fiends destros
(00:40 / Allies) vikings182: ill grab chims
(00:44 / All) GOLLY-GREENLAMB: anybody here shop at gamestop
(00:56 / All) xluke15x: sometyimes
(01:08 / All) Micro[xGOD]: not really they rip you off :/
(01:15 / All) GOLLY-GREENLAMB: if i called them and they said they would "hold onto" a game for me, how likely is it they do?
(01:23 / All) Micro[xGOD]: not likely at all
(01:26 / All) Micro[xGOD]: i did that and they sold mine
(01:33 / All) Micro[xGOD]: im in arizona
(01:38 / All) GOLLY-GREENLAMB: its a super rare game, a ps2 one
(11:27 / Allies) GOLLY-GREENLAMB: HALL HIM
(11:56 / All) Micro[xGOD]: DONT HIT ALONE
(11:57 / All) Micro[xGOD]: WOWOW
(12:34 / Allies) GOLLY-GREENLAMB: OUT
(12:42 / Allies) lmnakedrightnow: the fuck
(12:46 / Allies) lmnakedrightnow: tp out
(14:05 / Allies) GOLLY-GREENLAMB: YELLOW
(14:07 / Allies) GOLLY-GREENLAMB: WTF ARE U DOING
(14:07 / Allies) lmnakedrightnow: wait no fight
(14:08 / Allies) GOLLY-GREENLAMB: IDIOT
(14:16 / All) GOLLY-GREENLAMB: WHAT A FUCKING NIGGER
(14:54 / Allies) GOLLY-GREENLAMB: tp to yellow lets rape them there
(15:13 / Allies) vikings182: k
(15:14 / Allies) GOLLY-GREENLAMB: OR NOT
(15:32 / Allies) vikings182: leave him
(15:41 / Allies) GOLLY-GREENLAMB: why is idiot purple
(15:44 / Allies) GOLLY-GREENLAMB: wasting his time on red
(15:46 / Allies) GOLLY-GREENLAMB: u cant hur thim
(15:54 / Allies) lmnakedrightnow: ?
(16:13 / Allies) lmnakedrightnow: killed his alter
(16:16 / Allies) GOLLY-GREENLAMB: OH WOW
(16:32 / Allies) lmnakedrightnow: new are we
(17:09 / Allies) GOLLY-GREENLAMB: u fucking idiots
(17:26 / All) GOLLY-GREENLAMB: what fucking niggers i swear